 Dungeon Crawl Stone Soup version 0.31-a0-675-g238779eb0a (webtiles) character file.

Game seed: 5599046335946499065

89 CowFu the Ruffian (level 4, -1/34 HPs)
             Began as a Gnoll Shapeshifter on Sept 5, 2023.
             Was an Initiate of Ru.
             Slain by a black bear (4 damage)
             ... on level 2 of the Dungeon.
             The game lasted 00:01:48 (1275 turns).

CowFu the Ruffian (Gnoll Shapeshifter)              Turns: 1275, Time: 00:01:49

Health: -1/34      AC:  8    Str: 15    XL:     4   Next: 55%
Magic:  5/5        EV:  7    Int: 10    God:    Ru [......]
Gold:   145        SH:  4    Dex: 11    Spells: 5/5 levels left

rFire   . .          .
                       - Unarmed
rCold   . . .        g - +0 buckler
rNeg    . . .        e - +0 chain mail
rPois   .            (helmet currently unavailable)
rElec   .            (cloak currently unavailable)
rCorr   .            (gloves currently unavailable)
SInv    .            (boots currently unavailable)
Will    .....        k - amulet of magic regeneration Stlth
                     (no ring)
HPRegen 0.25/turn    (no ring)
MPRegen 0.49/turn

%: no passive effects
@: beast-form
A: beast (slay +3), fangs 1, no stealth, strong nose, distributed training
a: Begin Untransformation, Renounce Religion


You were on level 2 of the Dungeon.
You worshipped Ru.
Ru was noncommittal.
You were a hulking beast.
You visited 1 branch of the dungeon, and saw 3 of its levels.

You collected 145 gold pieces.

Inventory:

Armour
 e - a +0 chain mail (worn)
 f - a +0 pair of boots
 g - a +0 buckler (worn)
Jewellery
 k - an amulet of magic regeneration (around neck)
Talismans
 c - a beast talisman (active)
 d - a flux talisman
Scrolls
 a - a scroll of blinking {unknown}
 h - 2 scrolls of teleportation {unknown}
 j - a scroll of identify {unknown}
Potions
 b - a potion of lignification
 i - a potion of enlightenment {unknown}


   Skills:
 + Level 2.8 Fighting
 + Level 1.2 Short Blades
 + Level 1.2 Long Blades
 + Level 1.2 Axes
 + Level 1.2 Maces & Flails
 + Level 1.2 Polearms
 + Level 1.2 Staves
 + Level 1.2 Ranged Weapons
 + Level 1.2 Throwing
 + Level 1.2 Armour
 + Level 4.6 Dodging
   Level 0.0 Stealth
 + Level 1.2 Shields
 + Level 6.6 Unarmed Combat
 + Level 1.2 Spellcasting
 + Level 1.0 Conjurations
 + Level 1.0 Hexes
 + Level 1.0 Summonings
 + Level 1.0 Necromancy
 + Level 1.0 Translocations
 + Level 1.0 Transmutations
 + Level 1.0 Fire Magic
 + Level 1.0 Ice Magic
 + Level 1.0 Air Magic
 + Level 1.0 Earth Magic
 + Level 1.0 Poison Magic
 + Level 1.3 Invocations
 + Level 1.2 Evocations
 + Level 6.5 Shapeshifting


You had 5 spell levels left.
You didn't know any spells.
Your spell library was empty.

Dungeon Overview and Level Annotations

Branches:
Dungeon (3/15)

Altars:
Ru


Innate Abilities, Weirdness & Mutations

You are a hulking beast.
Your limbs bulge with bestial killing power. (Slay +3)
You have very sharp teeth.
You cannot be stealthy.
Your uncanny sense of smell can sniff out nearby items.
Your experience applies equally to all skills.


Message History

You hit the black bear but do no damage.
The black bear is moderately wounded.
The black bear bites you.
* * * LOW HITPOINT WARNING * * *
The black bear barely misses you. You block the black bear's attack.
You closely miss the black bear. Your bite misses the black bear.
The black bear is moderately wounded.
You block the black bear's attack.
The black bear claws you but does no damage. x2
You hit the black bear but do no damage.
The black bear is moderately wounded.
The black bear closely misses you. The black bear claws you.
* * * LOW HITPOINT WARNING * * *
The black bear claws you.
* * * LOW HITPOINT WARNING * * *
You closely miss the black bear.
The black bear is moderately wounded.
The black bear bites you but does no damage.
The black bear claws you but does no damage. x2
You closely miss the black bear. You bite the black bear.
The black bear is heavily wounded.
The black bear bites you.
* * * LOW HITPOINT WARNING * * *
The black bear claws you but does no damage.
The black bear barely misses you.
Okay, then.
You punch the black bear!
The black bear is severely wounded.
You barely miss the black bear.
You bite the black bear, but do no damage.
The black bear is severely wounded.
The black bear bites you but does no damage.
The black bear claws you but does no damage. x2
You hit the black bear.
The black bear is severely wounded.
The black bear goes berserk!
You hit the black bear. You bite the black bear.
The black bear is almost dead.
The black bear bites you.
You die...

..# #.#.# #......†..#
### #.#.##
#.........# #.#..#
#.........# ##
#(##.#### #####...###
.####.##....# ###.###
......#####.#####
#...# .####.#
#.....###.###
###############.#...#
...............hh.###
###################


You could see a black bear (berserk).

Vanquished Creatures
  3 adders
  A dart slug (D:1)
  6 endoplasms
  4 giant cockroaches
  4 goblins
  8 hobgoblins
  2 jackals (D:1)
  2 quokkas (D:2)
  7 ball pythons
  7 bats
  2 frilled lizards (D:1)
  3 kobolds
  7 rats
56 creatures vanquished.

Notes
Turn   | Place    | Note
-------+----------+-------------------------------------------
     0 | D:1      | CowFu the Gnoll Shapeshifter began the quest for the Orb.
     0 | D:1      | Reached XP level 1. HP: 17/17 MP: 1/1
   138 | D:1      | Reached XP level 2. HP: 23/23 MP: 2/2
   250 | D:1      | Found a faded altar of an unknown god.
   260 | D:1      | Prayed at the altar of an unknown god.
   260 | D:1      | Became a worshipper of Ru the Awakened
   267 | D:1      | Gained mutation: You cannot be stealthy. [Ru sacrifice]
   433 | D:1      | Reached XP level 3. HP: 27/28 MP: 3/3
   608 | D:2      | Reached skill level 1 in Invocations
   705 | D:2      | Reached skill level 1 in Short Blades
   705 | D:2      | Reached skill level 1 in Long Blades
   705 | D:2      | Reached skill level 1 in Axes
   705 | D:2      | Reached skill level 1 in Maces & Flails
   705 | D:2      | Reached skill level 1 in Polearms
   705 | D:2      | Reached skill level 1 in Staves
   705 | D:2      | Reached skill level 1 in Ranged Weapons
   705 | D:2      | Reached skill level 1 in Throwing
   705 | D:2      | Reached skill level 1 in Armour
   705 | D:2      | Reached skill level 1 in Shields
   705 | D:2      | Reached skill level 1 in Spellcasting
   705 | D:2      | Reached skill level 1 in Evocations
   729 | D:2      | Reached XP level 4. HP: 34/34 MP: 5/5
  1247 | D:3      | Noticed a black bear
  1251 | D:3      | Reached skill level 1 in Conjurations
  1251 | D:3      | Reached skill level 1 in Hexes
  1251 | D:3      | Reached skill level 1 in Summonings
  1251 | D:3      | Reached skill level 1 in Necromancy
  1251 | D:3      | Reached skill level 1 in Translocations
  1251 | D:3      | Reached skill level 1 in Transmutations
  1251 | D:3      | Reached skill level 1 in Fire Magic
  1251 | D:3      | Reached skill level 1 in Ice Magic
  1251 | D:3      | Reached skill level 1 in Air Magic
  1251 | D:3      | Reached skill level 1 in Earth Magic
  1251 | D:3      | Reached skill level 1 in Poison Magic
  1275 | D:2      | Slain by a black bear

Illustrated notes

Levels and vault maps discovered:
D:1:      nzn_arrival_water_spiral, layout_basic,
          dreamdust_ecumenical_altar_sealed_demon, minmay_fountain_box
D:2:      layout_basic, minmay_cut_off
D:3:      cheibrodos_old_hovel, layout_basic, fedhas_altar_fruit_tree

Skill      XL: |  1  2  3  4 |
---------------+-------------+-----
Invocations    | 1 |  1.3
Short Blades   | 1 |  1.2
Long Blades    | 1 |  1.2
Axes           | 1 |  1.2
Maces & Flails | 1 |  1.2
Polearms       | 1 |  1.2
Staves         | 1 |  1.2
Ranged Weapons | 1 |  1.2
Throwing       | 1 |  1.2
Armour         | 1 |  1.2
Shields        | 1 |  1.2
Spellcasting   | 1 |  1.2
Evocations     | 1 |  1.2
Conjurations   | 1 |  1.0
Hexes          | 1 |  1.0
Summonings     | 1 |  1.0
Necromancy     | 1 |  1.0
Translocations | 1 |  1.0
Transmutations | 1 |  1.0
Fire Magic     | 1 |  1.0
Ice Magic      | 1 |  1.0
Air Magic      | 1 |  1.0
Earth Magic    | 1 |  1.0
Poison Magic   | 1 |  1.0
Fighting       | |  2.8
Dodging        | |  4.6
Unarmed Combat | |  6.6
Shapeshifting  | |  6.5

Action                     |  1- 3 |  4- 6 || total
---------------------------+-------+-------++-------
  Melee: Unarmed           |    78 |    43 ||   121
         Punch             |     1 |       ||     1
         Bite              |     6 |     7 ||    13
 Invoke: Sacrifice Stealth |     1 |       ||     1
 Armour: Animal skin       |    11 |       ||    11
         Chain mail        |    38 |    47 ||    85
  Dodge: Dodged            |    33 |    20 ||    53
  Block: Buckler           |     3 |    14 ||    17

Table legend: (Time is in decaauts)
 A = Elapsed time spent in this place.
 B = Non-inter-level travel time spent in this place.
 C = Inter-level travel time spent in this place.
 D = Time resting spent in this place.
 E = Time spent auto-exploring this place.
 F = Levels seen in this place.
 G = Mean time per level.
                   A        B        C        D        E       F      G
               +--------+--------+--------+--------+--------+-----+--------+
         Total |   1263 |   1246 |     17 |      0 |    922 |   3 |  421.0 |
       Dungeon |   1263 |   1246 |     17 |      0 |    922 |   3 |  421.0 |
               +--------+--------+--------+--------+--------+-----+--------+

Top non-repeatable levels by time:
     D:2: 635 daAuts
     D:1: 570 daAuts
     D:3: 57 daAuts
